 Dungeon Crawl Stone Soup version 0.21.1-1-g345015fe64 (webtiles) character file.

4876 Loge the Destroyer (level 10, -6/51 HPs)
             Began as a Deep Elf Fire Elementalist on July 18, 2018.
             Was a Follower of Vehumet.
             Mangled by Loge's ghost (24 damage)
             ... on level 8 of the Dungeon.
             The game lasted 00:42:18 (11836 turns).

Loge the Destroyer (Deep Elf Fire Elementalist)    Turns: 11836, Time: 00:42:19

Health: -6/51      AC:  3    Str:  5    XL:     10   Next: 26%
Magic:  13/25      EV: 13    Int: 24    God:    Vehumet [*.....]
Gold:   260        SH:  0    Dex: 15    Spells: 8/28 levels left

rFire    . . .     SeeInvis .   v - +1 dagger
rCold    . . .     Gourm    .   (no shield)
rNeg     . . .     Faith    .   a - +0 robe
rPois    .         Spirit   .   (no helmet)
rElec    .         Reflect  .   D - scarf {repulsion}
rCorr    .         Harm     .   h - +0 pair of gloves
MR       +....                  (no boots)
Stlth    ++........             (no amulet)
HPRegen  0.17/turn              B - ring of flight
MPRegen  0.19/turn              (no ring)

@: repel missiles
A: no striking features
a: Renounce Religion, Evoke Flight


You were on level 8 of the Dungeon.
You worshipped Vehumet.
Vehumet was aware of your devotion.
You were not hungry.

You visited 2 branches of the dungeon, and saw 9 of its levels.

You collected 260 gold pieces.

Inventory:

Hand Weapons
 v - a +1 dagger (weapon)
Missiles
 o - 32 poisoned needles
Armour
 a - a +0 robe (worn)
 h - a +0 pair of gloves (worn)
 D - a scarf of repulsion (worn)
 P - a +2 robe of positive energy
Jewellery
 q - a +1 ring of evasion {unknown}
 B - a ring of flight (left hand)
 G - an uncursed ring of ice {unknown}
 K - a +2 ring of strength {unknown}
 L - an uncursed amulet of guardian spirit {unknown}
Wands
 f - a wand of flame (19)
 p - a wand of polymorph (6)
 A - a wand of random effects (57)
 O - a wand of paralysis (13)
 S - a wand of disintegration (15)
Scrolls
 e - a scroll of amnesia {unknown}
 g - a scroll of noise {unknown}
 j - 2 scrolls of fog {unknown}
 m - 2 scrolls of magic mapping {unknown}
 r - 5 scrolls of teleportation
 u - 2 scrolls of enchant weapon
 x - a scroll of immolation {unknown}
 E - 2 scrolls of remove curse {unknown}
 I - a scroll of fear {unknown}
 M - a scroll of identify
 N - a scroll of enchant armour {unknown}
 R - a scroll of vulnerability {unknown}
Potions
 d - a potion of mutation
 i - a potion of cancellation
 k - 2 potions of agility
 l - 3 potions of curing
 n - a potion of might {unknown}
 s - a potion of flight {unknown}
 t - 3 potions of brilliance
 w - a potion of berserk rage {unknown}
 z - 3 potions of lignification {unknown}
 H - a potion of degeneration {unknown}
 J - a potion of resistance {unknown}
Books
 b - a book of Flames

   Spells                             Type                      Level
   a - Flame Tongue                   Conjuration/Fire             1
   b - Throw Flame                    Conjuration/Fire             2
   c - Conjure Flame                  Conjuration/Fire             3
   d - Inner Flame                    Hexes/Fire                   3
   e - Sticky Flame                   Conjuration/Fire             4
   f - Fireball                       Conjuration/Fire             5
 y - a book of Minor Magic

   Spells                             Type                      Level
   a - Magic Dart                     Conjuration                  1
   b - Blink                          Translocation                2
   c - Call Imp                       Summoning                    2
   d - Slow                           Hexes                        2
   e - Conjure Flame                  Conjuration/Fire             3
   f - Mephitic Cloud                 Conjuration/Poison/Air       3
 C - Wiuffo's Incunabulum of Flight
   (You found it on level 4 of the Dungeon)

   Spells                             Type                      Level
   a - Swiftness                      Charms/Air                   2
   b - Poisonous Vapours              Poison/Air                   2
   c - Static Discharge               Conjuration/Air              3
   d - Tornado                        Air                          9
 F - a book of Maledictions

   Spells                             Type                      Level
   a - Corona                         Hexes                        1
   b - Ensorcelled Hibernation        Hexes/Ice                    2
   c - Confuse                        Hexes                        3
   d - Tukima's Dance                 Hexes                        3
   e - Dazzling Spray                 Conjuration/Hexes            3
Comestibles
 c - 13 rations
 Q - 2 chunks of flesh


   Skills:
 + Level 0.6 Fighting
 - Level 2.4 Dodging
 - Level 2.4 Stealth
 + Level 9.9 Spellcasting
 * Level 11.2 Conjurations
 - Level 3.1 Translocations
 + Level 8.7 Fire Magic
 - Level 1.1 Air Magic
 - Level 1.2 Poison Magic


You had 8 spell levels left.
You knew the following spells:

 Your Spells              Type           Power        Failure   Level  Hunger
a - Flame Tongue          Conj/Fire      #####        1%          1    None
b - Throw Flame           Conj/Fire      ######       1%          2    None
c - Conjure Flame         Conj/Fire      ######..     1%          3    None
d - Sticky Flame          Conj/Fire      ######..     1%          4    #......
e - Blink                 Tloc           N/A          2%          2    None
f - Mephitic Cloud        Conj/Pois/Air  ####....     2%          3    None
g - Fireball              Conj/Fire      ######....   2%          5    ####...


Dungeon Overview and Level Annotations

Branches:
Dungeon (8/15)             Temple (1/1) D:7            Lair (0/6) D:8

Altars:
Ashenzari
Dithmenos
Elyvilon
Fedhas
Gozag
Hepliaklqana
Kikubaaqudgha
Makhleb
Nemelex Xobeh
Okawaru
Qazlal
Ru
Sif Muna
Trog
Uskayaw
Vehumet
Wu Jian
Xom
Yredelemnul
Zin
The Shining One

Annotations:
D:2 exclusion: downstairs, Robin
D:3 exclusion: downstairs
D:7 exclusion: 3 downstairs
D:8 Loge's ghost, novice TrMo


Message History

Confirm with . or Enter, or press ? or * to list all spells.
Aiming: Flame Tongue
Press: ? - help, Shift-Dir - straight line, f/p - Loge's ghost
Aim: Loge's ghost (flame, moderately damaged)
The flame tongue hits Loge's ghost.
Loge's ghost is moderately damaged.
Loge's ghost is engulfed in blazing flames.
Loge's ghost hits you!
Casting: Flame Tongue
Confirm with . or Enter, or press ? or * to list all spells.
Aiming: Flame Tongue
Press: ? - help, Shift-Dir - straight line, f/p - Loge's ghost
Aim: Loge's ghost (flame, heavily damaged)
The flame tongue hits Loge's ghost.
Loge's ghost is heavily damaged.
Loge's ghost is engulfed in blazing flames.
Loge's ghost hits you!
Loge's ghost is engulfed in blazing flames.
Loge's ghost hits you!!
You die...

###......#
#..##.#
.........#
#..##.# ##.###)##
#..##.# ### #)#
#..##.# ####..
#.# #..##.###
..#.# #)#
#..##...< #.#.#
#.# #..######
#####.#.######.##
#.##
..........§W@...#
#.# #####
#####..######..#
#.# #...( #..#
#..# #.# ##.))
#.W#
#..#####.###....
#<.#
#........##.....
#.(#
##.#####.##)....
#..# #.#
#.#...... #..###
#.# #........
###...### #.#
#......>.


You could see Loge's ghost.

Vanquished Creatures
  Joseph (D:7)
  Psyche (D:8)
  The ghost of aloneDruid the Shield-Bearer, a novice FoFi of Okawaru (D:6)
  2 hippogriffs (D:7)
  3 hungry ghosts
  Edmund (D:5)
  3 wargs (D:8)
  An ice beast (D:6)
  An orc warrior (D:7)
  A sky beast (D:6)
  2 phantoms (D:4)
  2 ogres
  2 centaurs
  A necrophage (D:6)
  A crocodile (D:8)
  A big kobold (D:8)
  3 bullfrogs
  A scorpion (D:7)
  A water moccasin skeleton (D:5)
  A howler monkey (D:8)
  5 wights (D:6)
  2 quasits
  A hound (D:4)
  6 orc priests
  A centaur skeleton (D:4)
  10 orc wizards
  3 iguanas
  3 bullfrog skeletons
  4 worker ants
  2 hound skeletons
  18 adders
  7 gnolls
  2 shadow imps
  2 oozes
  2 adder skeletons
  A worm (D:2)
  4 dart slugs
  2 leopard geckos
  26 orcs
  4 giant cockroaches
  5 goblins
  13 hobgoblins
  3 jackals (D:5)
  4 quokkas
  2 ball pythons (D:3)
  8 bats
  4 frilled lizards
  8 kobolds
  A quokka skeleton (D:5)
  A quokka zombie (D:8)
  13 rats
  2 butterflies (D:6)
199 creatures vanquished.

Notes
Turn   | Place    | Note
-------+----------+-------------------------------------------
     0 | D:1      | Loge the Deep Elf Fire Elementalist began the quest for the Orb.
     0 | D:1      | Reached XP level 1. HP: 10/10 MP: 6/6
   114 | D:1      | Reached XP level 2. HP: 15/15 MP: 2/8
   118 | D:1      | Learned a level 2 spell: Throw Flame
   209 | D:1      | Reached skill level 2 in Conjurations
   438 | D:1      | Reached XP level 3. HP: 19/19 MP: 6/10
   443 | D:1      | Learned a level 3 spell: Conjure Flame
   882 | D:2      | Found an opulent altar of Gozag.
  1207 | D:2      | Reached skill level 3 in Conjurations
  1301 | D:2      | Reached XP level 4. HP: 24/24 MP: 3/11
  1868 | D:2      | Found an opulent altar of Gozag.
  1868 | D:2      | Found a bloodstained altar of Trog.
  1868 | D:2      | Noticed Robin
  1869 | D:2      | Found a sacrificial altar of Ru.
  1946 | D:2      | Found a shadowy altar of Dithmenos.
  1948 | D:2      | Found a glowing golden altar of the Shining One.
  2330 | D:3      | Reached XP level 5. HP: 28/28 MP: 4/13
  2338 | D:3      | Learned a level 4 spell: Sticky Flame
  2778 | D:3      | Reached skill level 4 in Conjurations
  3560 | D:4      | Learned a level 2 spell: Blink
  3657 | D:4      | Reached XP level 6. HP: 32/32 MP: 8/15
  3862 | D:4      | Reached skill level 5 in Spellcasting
  3862 | D:4      | Reached skill level 5 in Conjurations
  3968 | D:4      | Reached skill level 1 in Translocations
  4052 | D:4      | Found an iron altar of Okawaru.
  4187 | D:4      | Reached skill level 5 in Fire Magic
  4587 | D:4      | Reached XP level 7. HP: 32/36 MP: 5/17
  4592 | D:4      | Identified Wiuffo's Incunabulum of Flight
  4600 | D:4      | Learned a level 5 spell: Fireball
  4699 | D:5      | Entered Level 5 of the Dungeon
  5062 | D:5      | Reached skill level 6 in Conjurations
  5440 | D:5      | Noticed Edmund
  5544 | D:5      | Killed Edmund
  5893 | D:5      | Reached skill level 7 in Conjurations
  5893 | D:5      | Reached XP level 8. HP: 41/41 MP: 8/19
  6246 | D:6      | Noticed aloneDruid's ghost (novice FoFi)
  6256 | D:6      | Killed aloneDruid's ghost
  6477 | D:6      | Found a shimmering altar of Xom.
  6592 | D:6      | Reached skill level 8 in Conjurations
  6604 | D:6      | Learned a level 3 spell: Mephitic Cloud
  7156 | D:6      | Reached skill level 1 in Air Magic
  7156 | D:6      | Reached skill level 1 in Poison Magic
  7447 | D:6      | Reached XP level 9. HP: 45/45 MP: 17/22
  7954 | D:7      | Reached skill level 9 in Conjurations
  9044 | D:7      | Noticed Joseph
  9063 | D:7      | Killed Joseph
  9063 | D:7      | Reached skill level 10 in Conjurations
  9464 | D:7      | Found a staircase to the Ecumenical Temple.
  9469 | Temple   | Entered the Ecumenical Temple
  9705 | Temple   | Became a worshipper of Vehumet
 10452 | D:8      | Found the +10 zealot's sword {holy, *Rage rN+ EV+3}
 10481 | D:8      | Noticed Psyche
 10491 | D:8      | Paralysed by something for 3 turns
 10495 | D:8      | Killed Psyche
 10498 | D:8      | Found a stormy altar of Qazlal.
 10720 | D:8      | Reached XP level 10. HP: 50/50 MP: 18/25
 10729 | D:8      | Noticed Loge's ghost (novice TrMo)
 11030 | D:8      | Reached skill level 11 in Conjurations
 11221 | D:8      | Found a staircase to the Lair.
 11700 | D:8      | Reached * piety under Vehumet
 11700 | D:8      | Offered knowledge of Freeze by Vehumet.
 11836 | D:8      | Mangled by Loge's ghost

Skill      XL: |  1  2  3  4  5  6  7  8  9 10 |
---------------+-------------------------------+-----
Conjurations   | 2 3 4 5 7 8 10 11 | 11.2
Fire Magic     | 4 5 6 8 |  8.7
Spellcasting   | 4 5 6 7 9 |  9.9
Translocations | 1 2 3 |  3.1
Air Magic      | 1 |  1.1
Poison Magic   | 1 |  1.2
Fighting       | |  0.6
Dodging        | |  2.4
Stealth        | |  2.4

Action                   |  1- 3 |  4- 6 |  7- 9 | 10-12 || total
-------------------------+-------+-------+-------+-------++-------
Melee: Unarmed           |     5 |       |       |       ||     5
       Dagger            |       |       |     9 |       ||     9
 Cast: Flame Tongue      |    38 |    90 |   237 |    96 ||   461
       Throw Flame       |    25 |    44 |    27 |     7 ||   103
       Conjure Flame     |     1 |    13 |    41 |    14 ||    69
       Blink             |       |       |     2 |       ||     2
       Sticky Flame      |       |       |     1 |     1 ||     2
       Fireball          |       |       |     1 |     1 ||     2
  Use: Scroll            |       |     5 |     2 |       ||     7
  Eat: Chunk             |     2 |    11 |    12 |     1 ||    26
       Ration            |       |       |     4 |       ||     4
Armor: Robe              |     8 |     6 |    30 |     2 ||    46
Dodge: Dodged            |     9 |     9 |    89 |    19 ||   126
       Deflected         |       |       |     5 |     3 ||     8
